Saguenéens vs Rafales
Created - March 29, 2018 at 23:57
Goals
|
| Saguenéens |
1 |
3 |
2 |
6 |
| Rafales |
0 |
2 |
0 |
2 |
|
Shots
|
| Saguenéens |
14 |
15 |
6 |
35 |
| Rafales |
8 |
11 |
10 |
29 |
|
1st period
1. Saguenéens , Carl Hagelin 28 (Dalton Prout 15, Nikita Kucherov 35) at 15:01
Penalties :
Brian Ferlin (Stf) for Roughing (Minor) at 13:54, Brett Lebda (Chi) for Hooking (Minor) at 14:11
2nd period
2. Saguenéens , Juraj Mikus 28 (Mason Raymond 55, Brett Lebda 27) at 0:28
3. Rafales , Cody McLeod 46 (Mike Zigomanis 67) at 2:11
4. Saguenéens , Craig Cunningham 15 (Rhett Rakhshani 21) at 3:23
5. Rafales , Cody McLeod 47 (Mike Zigomanis 68) at 17:05
6. Saguenéens , Carson Mcmillan 33 (Juraj Mikus 42, Mason Raymond 56) at 19:35
Penalties :
Dalton Prout (Chi) for Delaying the game (Minor) at 3:48, Tanner Richard (Chi) for Tripping (Minor) at 10:00
3rd period
7. Saguenéens , Carson Mcmillan 34 (Juraj Mikus 43, Mason Raymond 57) at 8:36
8. Saguenéens , Rhett Rakhshani 23 (Craig Cunningham 19) at 19:12
Penalties :
Patrick Sieloff (Chi) for Hooking (Minor) at 0:59, Henrik Samuelsson (Chi) for Interference (Minor) at 16:54, Dalton Prout (Chi) for Holding (Minor) at 19:17
Goalie Stats
Mike Smith (Chi), 27 saves from 29 shots - (0.931), W, 34-16-1, 60:00 minutes
Leland Irving (Stf), 29 saves from 35 shots - (0.829), L, 6-4-1, 60:00 minutes
Players Stats for Saguenéens
Player Name G A P +/- PIM S H SB GA TA FO MP PP MP PK MP
------------------------------------------------------------------------------------
Artur Gavrus 0 0 0 0 0 0 0 0 0 0 0/0 0:00 0:00 0:00
Brett Lebda 0 1 1 1 2 0 1 1 1 1 0/0 23:50 0:16 5:13
Brody Sutter 0 0 0 0 0 0 0 0 0 0 0/0 0:00 0:00 0:00
Calle Andersson 0 0 0 0 0 0 0 0 0 0 0/0 5:42 0:00 0:28
Carl Hagelin 1 0 1 0 0 6 1 1 0 1 0/1 16:43 0:00 2:16
Carson Mcmillan 2 0 2 2 0 5 0 1 1 2 6/11 23:35 0:17 5:10
Craig Cunningham 1 1 2 2 0 5 1 0 1 0 1/1 12:00 0:00 1:29
Dalton Prout 0 1 1 2 4 0 2 0 1 2 0/0 24:07 0:17 3:41
Henrik Samuelsson 0 0 0 2 2 0 0 1 1 2 4/5 10:16 0:00 0:00
Jake McCabe 0 0 0 1 0 0 0 2 0 0 0/0 18:26 0:00 3:25
Jerry D'Amigo 0 0 0 0 0 1 0 0 0 0 0/0 7:42 0:00 0:00
Juraj Mikus 1 2 3 2 0 3 5 0 0 0 10/22 17:11 0:17 0:00
Luke Witkowski 0 0 0 1 0 0 2 1 1 0 0/0 17:48 0:00 3:14
Mason Raymond 0 3 3 2 0 0 1 1 1 0 2/5 23:35 0:17 5:10
Mikhail Grigorenko 0 0 0 0 0 1 0 0 0 0 1/1 7:42 0:00 0:00
Nicholas Walters 0 0 0 0 0 0 0 0 0 1 0/0 4:47 0:00 0:00
Nick Mattson 0 0 0 2 0 1 3 2 1 1 0/0 13:01 0:00 0:17
Nikita Kucherov 0 1 1 0 0 7 4 0 2 0 0/1 16:43 0:00 2:16
Patrick Sieloff 0 0 0 1 2 1 0 1 0 0 0/0 12:57 0:00 1:32
Rhett Rakhshani 1 1 2 2 0 3 1 1 2 0 0/0 12:00 0:00 1:29
Tanner Richard 0 0 0 -1 2 1 3 0 0 0 6/14 13:30 0:00 0:00
Teemu Pulkkinen 0 0 0 0 0 1 1 0 0 0 0/1 7:42 0:00 0:00
Players Stats for Rafales
Player Name G A P +/- PIM S H SB GA TA FO MP PP MP PK MP
------------------------------------------------------------------------------------
Brad Ross 0 0 0 0 0 0 1 0 0 1 0/0 10:04 0:11 0:00
Brian Ferlin 0 0 0 0 2 1 2 2 0 0 0/2 10:09 0:17 0:00
Chris Terry 0 0 0 -2 0 3 3 0 1 0 0/0 17:19 4:05 0:00
Cody McLeod 2 0 2 0 0 6 3 0 1 1 4/4 22:23 4:39 0:17
Connor Murphy 0 0 0 -3 0 2 3 2 1 4 0/0 25:23 3:33 0:00
Dylan McIlrath 0 0 0 1 0 0 2 0 0 0 0/0 10:16 0:00 0:00
James Marcou 0 0 0 -1 0 0 0 0 0 0 0/0 9:39 0:00 0:00
Jarret Stoll 0 0 0 -1 0 1 1 0 0 0 4/12 13:11 0:11 0:00
Julian Melchiori 0 0 0 -3 0 0 1 2 0 2 0/0 21:29 3:33 0:00
Kevin Veilleux 0 0 0 -1 0 5 1 0 0 0 4/5 9:39 0:00 0:00
Maksim Mayorov 0 0 0 -1 0 1 1 1 0 0 0/0 9:39 0:00 0:00
Marc-André Gragnani 0 0 0 -1 0 0 9 1 0 2 0/0 30:40 5:22 0:17
Mark Fayne 0 0 0 -2 0 2 1 3 3 0 0/0 28:15 5:22 0:17
Mike Zigomanis 0 2 2 0 0 5 1 0 3 0 18/35 22:23 4:39 0:17
Milan Bartovic 0 0 0 -1 0 1 1 1 0 1 1/1 21:28 4:33 0:00
Nathan Davis 0 0 0 -2 0 1 4 0 0 1 1/3 14:47 4:05 0:00
Slater Koekkoek 0 0 0 0 0 0 0 0 0 0 0/0 3:57 0:00 0:00
Tim Crowder 0 0 0 -2 0 1 3 0 1 0 0/0 17:19 4:05 0:00
3 Stars
1 - Juraj Mikus (Chi)
2 - Carson Mcmillan (Chi)
3 - Mason Raymond (Chi)
Power Play
Saguenéens - 0 on 1 Attempt(s) - 0.00%
Rafales - 0 on 6 Attempt(s) - 0.00%
Penalty Kill
Saguenéens - 6 on 6 Attempt(s) - 100.00%
- Score 0 goal in Penalty Kill
Rafales - 1 on 1 Attempt(s) - 100.00%
- Score 0 goal in Penalty Kill
Team Stat
Saguenéens - Hits : 25 - Faceoff Wins : 30 - Blocked Shots : 12 - Penalty Minutes : 12
Rafales - Hits : 37 - Faceoff Wins : 32 - Blocked Shots : 12 - Penalty Minutes : 2
Official
Referees : Meier Brad and StLaurent Francois
Linesman : Mark Pare and Derek Amell
Game Notes
No Game Note
Finance
Level 1 -- Attendance: 1601 (80.05%) -- Ticket Income $64,040
Level 2 -- Attendance: 692 (69.20%) -- Ticket Income $13,840
Total Attendance: 2293 (76.43%)
Total Ticket Income: $77,880
Other Income: $3,894
Total Income: $81,774
Saguenéens
5 vs 5 Forward
Center Left Wing Right Wing Time % Phy DF OF
1 Juraj Mikus Mason Raymond Carson Mcmillan 40 1 2 2
2 Tanner Richard Carl Hagelin Nikita Kucherov 30 1 2 2
3 Henrik Samuelsson Craig Cunningham Rhett Rakhshani 20 1 2 2
4 Mikhail Grigorenko Teemu Pulkkinen Jerry D'Amigo 10 1 2 2
5 vs 5 Defense
Defense Defense Time % Phy DF OF
1 Dalton Prout Brett Lebda 40 1 2 2
2 Luke Witkowski Jake McCabe 30 1 2 2
3 Nick Mattson Patrick Sieloff 20 1 2 2
4 Calle Andersson Nicholas Walters 10 1 2 2
PowerPlay Forward
Center Left Wing Right Wing Time % Phy DF OF
1 Juraj Mikus Mason Raymond Carson Mcmillan 60 1 2 2
2 Tanner Richard Carl Hagelin Nikita Kucherov 40 1 2 2
PowerPlay Defense
Defense Defense Time % Phy DF OF
1 Dalton Prout Brett Lebda 60 1 2 2
2 Luke Witkowski Jake McCabe 40 1 2 2
Penalty Kill 4 Players Forward
Center Wing Time % Phy DF OF
1 Carson Mcmillan Mason Raymond 60 1 2 2
2 Nikita Kucherov Carl Hagelin 40 1 2 2
Penalty Kill 4 Players Defense
Defense Defense Time % Phy DF OF
1 Dalton Prout Brett Lebda 60 1 2 2
2 Luke Witkowski Jake McCabe 40 1 2 2
Penalty Kill - 3 Players Forward
Forward Time % Phy DF OF
1 Carson Mcmillan 60 1 2 2
2 Mason Raymond 40 1 2 2
Penalty Kill - 3 Players Defense
Defense Defense Time % Phy DF OF
1 Dalton Prout Brett Lebda 60 1 2 2
2 Luke Witkowski Jake McCabe 40 1 2 2
4 vs 4 Forward
Center Wing Time % Phy DF OF
1 Carson Mcmillan Mason Raymond 60 1 2 2
2 Nikita Kucherov Carl Hagelin 40 1 2 2
4 vs 4 Defense
Defense Defense Time % Phy DF OF
1 Dalton Prout Brett Lebda 60 1 2 2
2 Luke Witkowski Jake McCabe 40 1 2 2
Last Minutes Offensive
Center Left Wing Right Wing Defense Defense
Juraj Mikus Mason Raymond Carson Mcmillan Dalton Prout Brett Lebda
Last Minutes Defensive
Center Left Wing Right Wing Defense Defense
Juraj Mikus Mason Raymond Carson Mcmillan Dalton Prout Brett Lebda
Goaltenders
Starting : Mike Smith
Backup : Martin Jones
Extra Forwards
Normal : Brody Sutter, Artur Gavrus, Rhett Rakhshani - PP : Brody Sutter, Artur Gavrus - PK : Rhett Rakhshani
Extra Defensemen
Normal : Nick Mattson, Patrick Sieloff, Calle Andersson - PP : Nick Mattson - PK : Patrick Sieloff, Calle Andersson
Penalty Shots
Carson Mcmillan, Mason Raymond, Nikita Kucherov, Carl Hagelin, Juraj Mikus
Scratches
Zac Rinaldo (Strained Left Knee Injury), Garret Sparks (Healthy)
Rafales
5 vs 5 Forward
Center Left Wing Right Wing Time % Phy DF OF
1 Mike Zigomanis Cody McLeod Milan Bartovic 40 1 1 3
2 Jarret Stoll Chris Terry Tim Crowder 30 1 1 3
3 Nathan Davis Brad Ross Brian Ferlin 20 1 1 3
4 Kevin Veilleux Maksim Mayorov James Marcou 10 1 1 3
5 vs 5 Defense
Defense Defense Time % Phy DF OF
1 Marc-André Gragnani Mark Fayne 40 1 3 1
2 Julian Melchiori Connor Murphy 30 1 3 1
3 Dylan McIlrath Marc-André Gragnani 20 1 3 1
4 Mark Fayne Connor Murphy 10 1 3 1
PowerPlay Forward
Center Left Wing Right Wing Time % Phy DF OF
1 Mike Zigomanis Cody McLeod Milan Bartovic 60 0 0 5
2 Nathan Davis Chris Terry Tim Crowder 40 0 0 5
PowerPlay Defense
Defense Defense Time % Phy DF OF
1 Marc-André Gragnani Mark Fayne 60 0 2 3
2 Julian Melchiori Connor Murphy 40 0 2 3
Penalty Kill 4 Players Forward
Center Wing Time % Phy DF OF
1 Mike Zigomanis Cody McLeod 60 0 4 1
2 Nathan Davis Milan Bartovic 40 0 4 1
Penalty Kill 4 Players Defense
Defense Defense Time % Phy DF OF
1 Marc-André Gragnani Mark Fayne 60 1 4 0
2 Julian Melchiori Connor Murphy 40 1 4 0
Penalty Kill - 3 Players Forward
Forward Time % Phy DF OF
1 Mike Zigomanis 60 0 5 0
2 Cody McLeod 40 0 5 0
Penalty Kill - 3 Players Defense
Defense Defense Time % Phy DF OF
1 Marc-André Gragnani Mark Fayne 60 1 4 0
2 Julian Melchiori Connor Murphy 40 1 4 0
4 vs 4 Forward
Center Wing Time % Phy DF OF
1 Mike Zigomanis Cody McLeod 60 1 1 3
2 Nathan Davis Milan Bartovic 40 1 1 3
4 vs 4 Defense
Defense Defense Time % Phy DF OF
1 Marc-André Gragnani Mark Fayne 60 1 3 1
2 Julian Melchiori Connor Murphy 40 1 3 1
Last Minutes Offensive
Center Left Wing Right Wing Defense Defense
Mike Zigomanis Cody McLeod Milan Bartovic Connor Murphy Mark Fayne
Last Minutes Defensive
Center Left Wing Right Wing Defense Defense
Mike Zigomanis Cody McLeod Milan Bartovic Marc-André Gragnani Mark Fayne
Goaltenders
Starting : Leland Irving
Backup : Chris Driedger
Extra Forwards
Normal : Cody McLeod, Mike Zigomanis, Milan Bartovic - PP : Cody McLeod, Mike Zigomanis - PK : Mike Zigomanis
Extra Defensemen
Normal : Connor Murphy, Mark Fayne, Marc-André Gragnani - PP : Connor Murphy - PK : Marc-André Gragnani, Mark Fayne
Penalty Shots
Mike Zigomanis, Cody McLeod, Nathan Davis, Milan Bartovic, James Marcou
Scratches
Ben Sexton (Healthy), Cedric Paquette (Healthy), Ryan Bourque (Healthy), Carl Klingberg (Broken Nose Injury), Ben Johnson (Healthy)
Nicklas Jensen (Healthy), Jayson Megna (Healthy), Michael Bournival (Healthy), Petr Kalus (Healthy), Ben Thomson (Fractured Left Foot Injury)
David Broll (Healthy), Stefan Chaput (Healthy), Dennis Persson (Healthy), Akim Aliu (Healthy), Philipp Grubauer (Healthy)
% Time on Ice - Saguenéens
Lines # - Real PCT - Wanted PCT - Time Play
Normal Forward
1 - 36% - 40% - 17:33
2 - 28% - 30% - 13:53
3 - 20% - 20% - 9:58
4 - 16% - 10% - 7:42
Normal Defense
1 - 39% - 40% - 19:01
2 - 29% - 30% - 14:15
3 - 23% - 20% - 11:03
4 - 10% - 10% - 4:47
PP Forward
1 - 100% - 60% - 0:17
2 - 0% - 40% - 0:00
PP Defense
1 - 100% - 60% - 0:17
2 - 0% - 40% - 0:00
PK Forward
1 - 75% - 60% - 6:39
2 - 25% - 40% - 2:16
PK Defense
1 - 64% - 60% - 5:41
2 - 36% - 40% - 3:14
PK3 Forward
1 - 0% - 60%
2 - 0% - 40%
PK3 Defense
1 - 0% - 60%
2 - 0% - 40%
44 Forward
1 - 67% - 60% - 1:08
2 - 33% - 40% - 0:34
44 Defense
1 - 81% - 60% - 1:23
2 - 19% - 40% - 0:19
Last Minute Offensive - 0:00
Last Minute Defensive - 0:00
Total
Forward - 60:00
Defense - 60:00
|
% Time on Ice - Rafales
Lines # - Real PCT - Wanted PCT - Time Play
Normal Forward
1 - 34% - 40% - 16:37
2 - 27% - 30% - 13:14
3 - 20% - 20% - 9:36
4 - 20% - 10% - 9:39
Normal Defense
1 - 34% - 40% - 16:42
2 - 36% - 30% - 17:38
3 - 21% - 20% - 10:16
4 - 9% - 10% - 4:30
PP Forward
1 - 54% - 60% - 4:50
2 - 46% - 40% - 4:05
PP Defense
1 - 60% - 60% - 5:22
2 - 40% - 40% - 3:33
PK Forward
1 - 100% - 60% - 0:17
2 - 0% - 40% - 0:00
PK Defense
1 - 100% - 60% - 0:17
2 - 0% - 40% - 0:00
PK3 Forward
1 - 0% - 60%
2 - 0% - 40%
PK3 Defense
1 - 0% - 60%
2 - 0% - 40%
44 Forward
1 - 66% - 60% - 1:07
2 - 34% - 40% - 0:35
44 Defense
1 - 82% - 60% - 1:24
2 - 18% - 40% - 0:18
Last Minute Offensive - 0:00
Last Minute Defensive - 0:00
Total
Forward - 60:00
Defense - 60:00
|
Play by Play
1st period
0:01 of 1st period - Cody McLeod wins face-off versus Juraj Mikus in neutral zone.
0:25 of 1st period - Marc-André Gragnani is hit by Tanner Richard and loses puck.
0:30 of 1st period - Wrist shot by Nikita Kucherov.
0:30 of 1st period - Deflect By Carl Hagelin.
0:30 of 1st period - Shot Misses the Net.
0:30 of 1st period - Puck is out of play.
0:31 of 1st period - Craig Cunningham wins face-off versus Nathan Davis in Rafales zone.
0:32 of 1st period - Snap shot by Rhett Rakhshani.
0:32 of 1st period - Stopped by Leland Irving without a rebound.
0:33 of 1st period - Henrik Samuelsson wins face-off versus Brian Ferlin in Rafales zone.
1:21 of 1st period - Mike Zigomanis is hit by Nick Mattson and loses puck.
1:47 of 1st period - Wrist shot by Nathan Davis.
1:47 of 1st period - Stopped by Mike Smith without a rebound.
1:48 of 1st period - Tanner Richard wins face-off versus Nathan Davis in Saguenéens zone.
1:48 of 1st period - Tanner Richard is hit by Nathan Davis.
2:24 of 1st period - Jerry D'Amigo is hit by Cody McLeod and loses puck.
2:39 of 1st period - Carson Mcmillan is hit by Chris Terry and loses puck.
2:50 of 1st period - Slapshot by Tim Crowder.
2:50 of 1st period - Shot Blocked by Carson Mcmillan.
3:10 of 1st period - Wrist shot by Kevin Veilleux.
3:10 of 1st period - Stopped by Mike Smith without a rebound.
3:11 of 1st period - Tanner Richard wins face-off versus Mike Zigomanis in Saguenéens zone.
3:24 of 1st period - Slapshot by Carl Hagelin.
3:24 of 1st period - Shot Misses the Net.
3:38 of 1st period - Wrist shot by Tim Crowder.
3:38 of 1st period - Deflect By Carson Mcmillan.
3:38 of 1st period - Stopped by Mike Smith without a rebound.
3:39 of 1st period - Juraj Mikus wins face-off versus Jarret Stoll in Saguenéens zone.
3:52 of 1st period - Snap shot by Carson Mcmillan.
3:52 of 1st period - Stopped by Leland Irving without a rebound.
3:53 of 1st period - Tanner Richard wins face-off versus Mike Zigomanis in Rafales zone.
3:54 of 1st period - Snap shot by Nikita Kucherov.
3:54 of 1st period - Deflect By Tanner Richard.
3:54 of 1st period - Shot Misses the Net.
3:54 of 1st period - Puck is out of play.
3:55 of 1st period - Cody McLeod wins face-off versus Tanner Richard in Rafales zone.
4:06 of 1st period - Snap shot by Carl Hagelin.
4:06 of 1st period - Stopped by Leland Irving with a rebound.
4:44 of 1st period - Wrist shot by Nikita Kucherov.
4:44 of 1st period - Shot Misses the Net.
4:46 of 1st period - Slapshot by Patrick Sieloff.
4:46 of 1st period - Deflect By Mark Fayne.
4:46 of 1st period - Stopped by Leland Irving with a rebound.
4:54 of 1st period - Slapshot by Carl Hagelin.
4:54 of 1st period - Deflect By Nikita Kucherov.
4:54 of 1st period - Stopped by Leland Irving without a rebound.
4:55 of 1st period - Carson Mcmillan wins face-off versus Mike Zigomanis in Rafales zone.
5:29 of 1st period - Slapshot by Teemu Pulkkinen.
5:29 of 1st period - Stopped by Leland Irving with a rebound.
6:19 of 1st period - Snap shot by Jarret Stoll.
6:19 of 1st period - Shot Blocked by Nick Mattson.
6:35 of 1st period - Snap shot by Tim Crowder.
6:35 of 1st period - Shot Blocked by Henrik Samuelsson.
6:37 of 1st period - Slapshot by Marc-André Gragnani.
6:37 of 1st period - Shot Blocked by Nick Mattson.
6:51 of 1st period - Calle Andersson is hit by Marc-André Gragnani and loses puck.
7:04 of 1st period - Maksim Mayorov is hit by Carl Hagelin and loses puck.
7:36 of 1st period - Jarret Stoll is hit by Brett Lebda and loses puck.
7:57 of 1st period - Rhett Rakhshani is hit by Nathan Davis and loses puck.
8:02 of 1st period - Snap shot by Brian Ferlin.
8:02 of 1st period - Shot Blocked by Jake McCabe.
8:04 of 1st period - Wrist shot by Nathan Davis.
8:04 of 1st period - Shot Blocked by Rhett Rakhshani.
8:06 of 1st period - Wrist shot by Nathan Davis.
8:06 of 1st period - Shot Blocked by Jake McCabe.
9:06 of 1st period - Nick Mattson is hit by Chris Terry and loses puck.
9:19 of 1st period - Wrist shot by Jarret Stoll.
9:19 of 1st period - Shot Blocked by Carl Hagelin.
9:33 of 1st period - Snap shot by Cody McLeod.
9:33 of 1st period - Stopped by Mike Smith with a rebound.
9:35 of 1st period - Slapshot by Connor Murphy.
9:35 of 1st period - Stopped by Mike Smith with a rebound.
9:37 of 1st period - Snap shot by Mike Zigomanis.
9:37 of 1st period - Stopped by Mike Smith without a rebound.
9:38 of 1st period - Juraj Mikus wins face-off versus Mike Zigomanis in Saguenéens zone.
10:46 of 1st period - Rhett Rakhshani is hit by Milan Bartovic and loses puck.
10:53 of 1st period - Milan Bartovic is hit by Craig Cunningham and loses puck.
11:11 of 1st period - Off-side.
11:12 of 1st period - Mason Raymond wins face-off versus Jarret Stoll in neutral zone.
11:15 of 1st period - Wrist shot by Carson Mcmillan.
11:15 of 1st period - Shot Misses the Net.
11:37 of 1st period - Mike Zigomanis is hit by Nikita Kucherov and loses puck.
12:01 of 1st period - Wrist shot by Rhett Rakhshani.
12:01 of 1st period - Shot Blocked by Brian Ferlin.
12:03 of 1st period - Slapshot by Patrick Sieloff.
12:03 of 1st period - Deflect By Rhett Rakhshani.
12:03 of 1st period - Stopped by Leland Irving with a rebound.
12:09 of 1st period - Wrist shot by Craig Cunningham.
12:09 of 1st period - Stopped by Leland Irving with a rebound.
12:11 of 1st period - Snap shot by Craig Cunningham.
12:11 of 1st period - Stopped by Leland Irving without a rebound.
12:12 of 1st period - Juraj Mikus wins face-off versus Jarret Stoll in Rafales zone.
12:25 of 1st period - Mason Raymond is hit by Chris Terry and loses puck.
12:43 of 1st period - Wrist shot by Nikita Kucherov.
12:43 of 1st period - Stopped by Leland Irving without a rebound.
12:44 of 1st period - Mike Zigomanis wins face-off versus Carl Hagelin in Rafales zone.
12:44 of 1st period - Mike Zigomanis is hit by Nikita Kucherov.
12:54 of 1st period - Luke Witkowski is hit by Marc-André Gragnani and loses puck.
13:06 of 1st period - Icing by Luke Witkowski.
13:07 of 1st period - Nathan Davis wins face-off versus Tanner Richard in Saguenéens zone.
13:22 of 1st period - Snap shot by Nikita Kucherov.
13:22 of 1st period - Stopped by Leland Irving without a rebound.
13:23 of 1st period - Mike Zigomanis wins face-off versus Juraj Mikus in Rafales zone.
13:23 of 1st period - Mike Zigomanis is hit by Juraj Mikus.
13:37 of 1st period - Snap shot by Mike Zigomanis.
13:37 of 1st period - Stopped by Mike Smith without a rebound.
13:38 of 1st period - Juraj Mikus wins face-off versus Brian Ferlin in Saguenéens zone.
13:38 of 1st period - Juraj Mikus is hit by Marc-André Gragnani.
13:46 of 1st period - Brad Ross is hit by Juraj Mikus and loses puck.
13:54 of 1st period - Minor Penalty to Brian Ferlin for Roughing.
13:55 of 1st period - Juraj Mikus wins face-off versus Mike Zigomanis in Rafales zone.
13:57 of 1st period - Snap shot by Mason Raymond.
13:57 of 1st period - Deflect By Juraj Mikus.
13:57 of 1st period - Stopped by Leland Irving without a rebound.
13:58 of 1st period - Cody McLeod wins face-off versus Juraj Mikus in Rafales zone.
13:58 of 1st period - Cody McLeod is hit by Mason Raymond.
14:11 of 1st period - Minor Penalty to Brett Lebda for Hooking.
14:12 of 1st period - Mike Zigomanis wins face-off versus Carson Mcmillan in Saguenéens zone.
14:42 of 1st period - Dalton Prout is hit by Cody McLeod and loses puck.
14:57 of 1st period - Wrist shot by Nikita Kucherov.
14:57 of 1st period - Shot Misses the Net.
14:59 of 1st period - Wrist shot by Carl Hagelin.
14:59 of 1st period - Stopped by Leland Irving with a rebound.
15:01 of 1st period - Slapshot by Dalton Prout.
15:01 of 1st period - Deflect By Carl Hagelin.
15:01 of 1st period - Goal by Carl Hagelin - Saguenéens : 1 - Rafales : 0.
15:02 of 1st period - Carson Mcmillan wins face-off versus Mike Zigomanis in neutral zone.
15:54 of 1st period - Penalty to Brian Ferlin is over, Brian Ferlin is back on ice.
16:11 of 1st period - Penalty to Brett Lebda is over, Brett Lebda is back on ice.
16:27 of 1st period - Dalton Prout is hit by Kevin Veilleux and loses puck.
16:53 of 1st period - Jarret Stoll is hit by Luke Witkowski and loses puck.
17:03 of 1st period - Icing by Connor Murphy.
17:04 of 1st period - Jarret Stoll wins face-off versus Tanner Richard in Rafales zone.
17:13 of 1st period - Wrist shot by Mike Zigomanis.
17:13 of 1st period - Shot Misses the Net.
17:15 of 1st period - Wrist shot by Mike Zigomanis.
17:15 of 1st period - Stopped by Mike Smith without a rebound.
17:16 of 1st period - Mason Raymond wins face-off versus Mike Zigomanis in Saguenéens zone.
17:20 of 1st period - Icing by Juraj Mikus.
17:21 of 1st period - Mike Zigomanis wins face-off versus Juraj Mikus in Saguenéens zone.
17:28 of 1st period - Snap shot by Milan Bartovic.
17:28 of 1st period - Shot Misses the Net.
19:22 of 1st period - Wrist shot by Nikita Kucherov.
19:22 of 1st period - Shot Misses the Net.
19:42 of 1st period - Wrist shot by Jerry D'Amigo.
19:42 of 1st period - Shot Misses the Net.
Goals for this period are 1 for Saguenéens vs 0 for Rafales.
Shots for this period are 14 for Saguenéens vs 8 for Rafales.
2nd period
0:01 of 2nd period - Mike Zigomanis wins face-off versus Mason Raymond in neutral zone.
0:12 of 2nd period - Wrist shot by Mike Zigomanis.
0:12 of 2nd period - Stopped by Mike Smith without a rebound.
0:13 of 2nd period - Cody McLeod wins face-off versus Juraj Mikus in Saguenéens zone.
0:24 of 2nd period - Slapshot by Juraj Mikus.
0:24 of 2nd period - Stopped by Leland Irving with a rebound.
0:26 of 2nd period - Slapshot by Mason Raymond.
0:26 of 2nd period - Shot Misses the Net.
0:28 of 2nd period - Slapshot by Juraj Mikus.
0:28 of 2nd period - Goal by Juraj Mikus - Saguenéens : 2 - Rafales : 0.
0:29 of 2nd period - Juraj Mikus wins face-off versus Mike Zigomanis in neutral zone.
0:32 of 2nd period - Snap shot by Brett Lebda.
0:32 of 2nd period - Shot Blocked by Marc-André Gragnani.
0:40 of 2nd period - Snap shot by Cody McLeod.
0:40 of 2nd period - Shot Misses the Net.
0:42 of 2nd period - Slapshot by Mark Fayne.
0:42 of 2nd period - Shot Misses the Net.
0:44 of 2nd period - Snap shot by Cody McLeod.
0:44 of 2nd period - Stopped by Mike Smith with a rebound.
1:31 of 2nd period - Slapshot by Juraj Mikus.
1:31 of 2nd period - Shot Blocked by Connor Murphy.
2:11 of 2nd period - Snap shot by Cody McLeod.
2:11 of 2nd period - Goal by Cody McLeod - Saguenéens : 2 - Rafales : 1.
2:12 of 2nd period - Tanner Richard wins face-off versus Mike Zigomanis in neutral zone.
2:17 of 2nd period - Wrist shot by Nikita Kucherov.
2:17 of 2nd period - Shot Misses the Net.
2:19 of 2nd period - Wrist shot by Carl Hagelin.
2:19 of 2nd period - Shot Blocked by Mark Fayne.
2:21 of 2nd period - Wrist shot by Nikita Kucherov.
2:21 of 2nd period - Stopped by Leland Irving without a rebound.
2:22 of 2nd period - Mike Zigomanis wins face-off versus Tanner Richard in Rafales zone.
2:47 of 2nd period - Snap shot by Carl Hagelin.
2:47 of 2nd period - Shot Blocked by Milan Bartovic.
2:55 of 2nd period - Wrist shot by Nikita Kucherov.
2:55 of 2nd period - Stopped by Leland Irving with a rebound.
3:05 of 2nd period - Snap shot by Carl Hagelin.
3:05 of 2nd period - Shot Misses the Net.
3:07 of 2nd period - Snap shot by Nick Mattson.
3:07 of 2nd period - Stopped by Leland Irving with a rebound.
3:13 of 2nd period - Slapshot by Carl Hagelin.
3:13 of 2nd period - Stopped by Leland Irving without a rebound.
3:14 of 2nd period - Henrik Samuelsson wins face-off versus Jarret Stoll in Rafales zone.
3:15 of 2nd period - Slapshot by Rhett Rakhshani.
3:15 of 2nd period - Shot Misses the Net.
3:23 of 2nd period - Wrist shot by Craig Cunningham.
3:23 of 2nd period - Goal by Craig Cunningham - Saguenéens : 3 - Rafales : 1.
3:24 of 2nd period - Juraj Mikus wins face-off versus Jarret Stoll in neutral zone.
3:37 of 2nd period - Brett Lebda is hit by Tim Crowder and loses puck.
3:48 of 2nd period - Minor Penalty to Dalton Prout for Delaying the game.
3:49 of 2nd period - Carson Mcmillan wins face-off versus Mike Zigomanis in Saguenéens zone.
4:30 of 2nd period - Brett Lebda is hit by Julian Melchiori and loses puck.
5:11 of 2nd period - Cody McLeod is hit by Nikita Kucherov and loses puck.
5:48 of 2nd period - Penalty to Dalton Prout is over, Dalton Prout is back on ice.
5:48 of 2nd period - Jake McCabe is hit by Brian Ferlin and loses puck.
6:12 of 2nd period - Slapshot by Teemu Pulkkinen.
6:12 of 2nd period - Shot Misses the Net.
6:14 of 2nd period - Slapshot by Calle Andersson.
6:14 of 2nd period - Deflect By Jerry D'Amigo.
6:14 of 2nd period - Shot Misses the Net.
6:14 of 2nd period - Puck is out of play.
6:15 of 2nd period - Kevin Veilleux wins face-off versus Tanner Richard in Rafales zone.
6:51 of 2nd period - Jerry D'Amigo is hit by Connor Murphy.
7:03 of 2nd period - Julian Melchiori is hit by Juraj Mikus and loses puck.
7:43 of 2nd period - Slapshot by Marc-André Gragnani.
7:43 of 2nd period - Deflect By Kevin Veilleux.
7:43 of 2nd period - Shot Misses the Net.
7:43 of 2nd period - Puck is out of play.
7:44 of 2nd period - Kevin Veilleux wins face-off versus Tanner Richard in Saguenéens zone.
7:47 of 2nd period - Wrist shot by Kevin Veilleux.
7:47 of 2nd period - Stopped by Mike Smith with a rebound.
7:49 of 2nd period - Snap shot by Kevin Veilleux.
7:49 of 2nd period - Stopped by Mike Smith with a rebound.
7:53 of 2nd period - Wrist shot by Kevin Veilleux.
7:53 of 2nd period - Stopped by Mike Smith with a rebound.
7:55 of 2nd period - Wrist shot by Kevin Veilleux.
7:55 of 2nd period - Stopped by Mike Smith with a rebound.
7:57 of 2nd period - Wrist shot by Connor Murphy.
7:57 of 2nd period - Shot Misses the Net.
7:59 of 2nd period - Slapshot by Mark Fayne.
7:59 of 2nd period - Deflect By Jake McCabe.
7:59 of 2nd period - Stopped by Mike Smith with a rebound.
8:35 of 2nd period - Snap shot by Rhett Rakhshani.
8:35 of 2nd period - Deflect By Craig Cunningham.
8:35 of 2nd period - Shot Blocked by Julian Melchiori.
8:35 of 2nd period - Puck is out of play.
8:36 of 2nd period - Milan Bartovic wins face-off versus Tanner Richard in Rafales zone.
9:24 of 2nd period - Dalton Prout is hit by Brad Ross and loses puck.
9:45 of 2nd period - James Marcou is hit by Teemu Pulkkinen and loses puck.
10:00 of 2nd period - Minor Penalty to Tanner Richard for Tripping.
10:01 of 2nd period - Carson Mcmillan wins face-off versus Mike Zigomanis in Saguenéens zone.
10:36 of 2nd period - Slapshot by Mark Fayne.
10:36 of 2nd period - Shot Misses the Net.
10:58 of 2nd period - Jake McCabe is hit by Nathan Davis.
11:14 of 2nd period - Mason Raymond is hit by Cody McLeod and loses puck.
11:37 of 2nd period - Snap shot by Craig Cunningham.
11:37 of 2nd period - Shot Misses the Net.
11:39 of 2nd period - Slapshot by Rhett Rakhshani.
11:39 of 2nd period - Shot Blocked by Mark Fayne.
11:41 of 2nd period - Snap shot by Craig Cunningham.
11:41 of 2nd period - Stopped by Leland Irving with a rebound.
11:43 of 2nd period - Slapshot by Brett Lebda.
11:43 of 2nd period - Shot Misses the Net.
12:00 of 2nd period - Penalty to Tanner Richard is over, Tanner Richard is back on ice.
12:13 of 2nd period - Slapshot by Teemu Pulkkinen.
12:13 of 2nd period - Shot Misses the Net.
12:15 of 2nd period - Snap shot by Jerry D'Amigo.
12:15 of 2nd period - Stopped by Leland Irving with a rebound.
12:17 of 2nd period - Snap shot by Mikhail Grigorenko.
12:17 of 2nd period - Stopped by Leland Irving with a rebound.
12:51 of 2nd period - Nathan Davis is hit by Nick Mattson and loses puck.
13:03 of 2nd period - Off-side.
13:04 of 2nd period - Mikhail Grigorenko wins face-off versus Jarret Stoll in neutral zone.
13:50 of 2nd period - Nathan Davis is hit by Nikita Kucherov and loses puck.
14:31 of 2nd period - Craig Cunningham is hit by Dylan McIlrath and loses puck.
14:50 of 2nd period - Snap shot by Cody McLeod.
14:50 of 2nd period - Shot Misses the Net.
14:52 of 2nd period - Snap shot by Cody McLeod.
14:52 of 2nd period - Stopped by Mike Smith with a rebound.
15:31 of 2nd period - Jerry D'Amigo is hit by Connor Murphy and loses puck.
16:35 of 2nd period - Slapshot by Carl Hagelin.
16:35 of 2nd period - Stopped by Leland Irving with a rebound.
16:58 of 2nd period - Snap shot by Teemu Pulkkinen.
16:58 of 2nd period - Deflect By Mikhail Grigorenko.
16:58 of 2nd period - Shot Blocked by Brian Ferlin.
16:58 of 2nd period - Puck is out of play.
16:59 of 2nd period - Mike Zigomanis wins face-off versus Juraj Mikus in Rafales zone.
16:59 of 2nd period - Mike Zigomanis is hit by Juraj Mikus.
17:05 of 2nd period - Snap shot by Cody McLeod.
17:05 of 2nd period - Goal by Cody McLeod - Saguenéens : 3 - Rafales : 2.
17:06 of 2nd period - Juraj Mikus wins face-off versus Mike Zigomanis in neutral zone.
17:31 of 2nd period - Brett Lebda is hit by Mark Fayne and loses puck.
18:11 of 2nd period - Off-side.
18:12 of 2nd period - Kevin Veilleux wins face-off versus Teemu Pulkkinen in neutral zone.
18:26 of 2nd period - Off-side.
18:27 of 2nd period - Juraj Mikus wins face-off versus Mike Zigomanis in neutral zone.
18:36 of 2nd period - Snap shot by Carson Mcmillan.
18:36 of 2nd period - Stopped by Leland Irving without a rebound.
18:37 of 2nd period - Mike Zigomanis wins face-off versus Juraj Mikus in Rafales zone.
18:37 of 2nd period - Mike Zigomanis is hit by Juraj Mikus.
19:05 of 2nd period - Snap shot by Mason Raymond.
19:05 of 2nd period - Shot Misses the Net.
19:17 of 2nd period - Slapshot by Connor Murphy.
19:17 of 2nd period - Deflect By Juraj Mikus.
19:17 of 2nd period - Stopped by Mike Smith with a rebound.
19:27 of 2nd period - Snap shot by Carson Mcmillan.
19:27 of 2nd period - Deflect By Cody McLeod.
19:27 of 2nd period - Stopped by Leland Irving with a rebound.
19:35 of 2nd period - Snap shot by Carson Mcmillan.
19:35 of 2nd period - Goal by Carson Mcmillan - Saguenéens : 4 - Rafales : 2.
19:36 of 2nd period - Jarret Stoll wins face-off versus Tanner Richard in neutral zone.
19:39 of 2nd period - Wrist shot by Jarret Stoll.
19:39 of 2nd period - Deflect By Chris Terry.
19:39 of 2nd period - Shot Misses the Net.
19:39 of 2nd period - Puck is out of play.
19:40 of 2nd period - Tanner Richard wins face-off versus Jarret Stoll in Saguenéens zone.
19:45 of 2nd period - Slapshot by Luke Witkowski.
19:45 of 2nd period - Shot Blocked by Mark Fayne.
19:53 of 2nd period - Snap shot by Nikita Kucherov.
19:53 of 2nd period - Stopped by Leland Irving without a rebound.
19:54 of 2nd period - Mike Zigomanis wins face-off versus Juraj Mikus in Rafales zone.
Goals for this period are 3 for Saguenéens vs 2 for Rafales.
Shots for this period are 15 for Saguenéens vs 11 for Rafales.
3rd period
0:01 of 3rd period - Mike Zigomanis wins face-off versus Carson Mcmillan in neutral zone.
0:26 of 3rd period - Carl Hagelin is hit by Tim Crowder and loses puck.
0:45 of 3rd period - Wrist shot by Jarret Stoll.
0:45 of 3rd period - Deflect By Brian Ferlin.
0:45 of 3rd period - Stopped by Mike Smith with a rebound.
0:51 of 3rd period - Brian Ferlin is hit by Rhett Rakhshani and loses puck.
0:59 of 3rd period - Minor Penalty to Patrick Sieloff for Hooking.
1:00 of 3rd period - Carson Mcmillan wins face-off versus Mike Zigomanis in Saguenéens zone.
1:40 of 3rd period - Slapshot by Tim Crowder.
1:40 of 3rd period - Deflect By Chris Terry.
1:40 of 3rd period - Deflect By Mason Raymond.
1:40 of 3rd period - Stopped by Mike Smith without a rebound.
1:41 of 3rd period - Mike Zigomanis wins face-off versus Nikita Kucherov in Saguenéens zone.
1:42 of 3rd period - Snap shot by Cody McLeod.
1:42 of 3rd period - Stopped by Mike Smith with a rebound.
2:52 of 3rd period - Marc-André Gragnani is hit by Luke Witkowski and loses puck.
2:59 of 3rd period - Penalty to Patrick Sieloff is over, Patrick Sieloff is back on ice.
3:21 of 3rd period - Snap shot by Kevin Veilleux.
3:21 of 3rd period - Deflect By Maksim Mayorov.
3:21 of 3rd period - Shot Misses the Net.
3:21 of 3rd period - Puck is out of play.
3:22 of 3rd period - Henrik Samuelsson wins face-off versus Mike Zigomanis in Saguenéens zone.
3:25 of 3rd period - Wrist shot by Cody McLeod.
3:25 of 3rd period - Shot Blocked by Luke Witkowski.
3:31 of 3rd period - Rhett Rakhshani is hit by Mike Zigomanis and loses puck.
3:56 of 3rd period - Snap shot by Mason Raymond.
3:56 of 3rd period - Shot Blocked by Maksim Mayorov.
4:32 of 3rd period - Nikita Kucherov is hit by Jarret Stoll.
5:10 of 3rd period - Carson Mcmillan is hit by Marc-André Gragnani and loses puck.
5:30 of 3rd period - Mikhail Grigorenko is hit by Brian Ferlin and loses puck.
5:52 of 3rd period - Backhand shot by Carl Hagelin.
5:52 of 3rd period - Stopped by Leland Irving with a rebound.
5:58 of 3rd period - Carl Hagelin is hit by Tim Crowder and loses puck.
6:03 of 3rd period - Wrist shot by Jarret Stoll.
6:03 of 3rd period - Stopped by Mike Smith without a rebound.
6:04 of 3rd period - Mike Zigomanis wins face-off versus Mason Raymond in Saguenéens zone.
6:13 of 3rd period - Mason Raymond is hit by Marc-André Gragnani and loses puck.
6:32 of 3rd period - Wrist shot by Nathan Davis.
6:32 of 3rd period - Shot Misses the Net.
6:54 of 3rd period - Slapshot by Luke Witkowski.
6:54 of 3rd period - Shot Misses the Net.
7:13 of 3rd period - Off-side.
7:14 of 3rd period - Mike Zigomanis wins face-off versus Juraj Mikus in neutral zone.
7:21 of 3rd period - Snap shot by Mike Zigomanis.
7:21 of 3rd period - Shot Blocked by Patrick Sieloff.
7:38 of 3rd period - Mark Fayne is hit by Nick Mattson.
7:53 of 3rd period - Icing by Nick Mattson.
7:54 of 3rd period - Jarret Stoll wins face-off versus Juraj Mikus in Saguenéens zone.
7:55 of 3rd period - Snap shot by Tim Crowder.
7:55 of 3rd period - Shot Misses the Net.
7:57 of 3rd period - Slapshot by Chris Terry.
7:57 of 3rd period - Stopped by Mike Smith with a rebound.
8:05 of 3rd period - Mason Raymond is hit by Dylan McIlrath and loses puck.
8:36 of 3rd period - Snap shot by Carson Mcmillan.
8:36 of 3rd period - Goal by Carson Mcmillan - Saguenéens : 5 - Rafales : 2.
8:37 of 3rd period - Tanner Richard wins face-off versus Mike Zigomanis in neutral zone.
8:44 of 3rd period - Marc-André Gragnani is hit by Dalton Prout and loses puck.
9:03 of 3rd period - Craig Cunningham is hit by Marc-André Gragnani and loses puck.
9:14 of 3rd period - Wrist shot by Chris Terry.
9:14 of 3rd period - Stopped by Mike Smith with a rebound.
9:16 of 3rd period - Slapshot by Julian Melchiori.
9:16 of 3rd period - Shot Blocked by Brett Lebda.
9:28 of 3rd period - Brett Lebda is hit by Connor Murphy and loses puck.
9:39 of 3rd period - Slapshot by Luke Witkowski.
9:39 of 3rd period - Deflect By Teemu Pulkkinen.
9:39 of 3rd period - Shot Blocked by Connor Murphy.
9:39 of 3rd period - Puck is out of play.
9:40 of 3rd period - Juraj Mikus wins face-off versus Kevin Veilleux in Rafales zone.
9:45 of 3rd period - Wrist shot by Mason Raymond.
9:45 of 3rd period - Shot Misses the Net.
10:05 of 3rd period - Luke Witkowski is hit by Marc-André Gragnani and loses puck.
11:25 of 3rd period - Kevin Veilleux is hit by Tanner Richard and loses puck.
11:32 of 3rd period - Tanner Richard is hit by Maksim Mayorov and loses puck.
11:37 of 3rd period - Backhand shot by Maksim Mayorov.
11:37 of 3rd period - Stopped by Mike Smith without a rebound.
11:38 of 3rd period - Jarret Stoll wins face-off versus Juraj Mikus in Saguenéens zone.
11:51 of 3rd period - Wrist shot by Tim Crowder.
11:51 of 3rd period - Shot Misses the Net.
12:03 of 3rd period - Mike Zigomanis is hit by Tanner Richard and loses puck.
12:12 of 3rd period - Slapshot by Dylan McIlrath.
12:12 of 3rd period - Shot Misses the Net.
13:06 of 3rd period - Snap shot by Carl Hagelin.
13:06 of 3rd period - Shot Blocked by Julian Melchiori.
13:16 of 3rd period - Backhand shot by Carl Hagelin.
13:16 of 3rd period - Deflect By Tanner Richard.
13:16 of 3rd period - Stopped by Leland Irving with a rebound.
13:21 of 3rd period - Off-side.
13:22 of 3rd period - Mike Zigomanis wins face-off versus Juraj Mikus in neutral zone.
13:47 of 3rd period - Brad Ross is hit by Dalton Prout and loses puck.
14:08 of 3rd period - Nick Mattson is hit by Marc-André Gragnani and loses puck.
15:37 of 3rd period - Icing by Patrick Sieloff.
15:38 of 3rd period - Kevin Veilleux wins face-off versus Henrik Samuelsson in Saguenéens zone.
15:57 of 3rd period - Snap shot by Nikita Kucherov.
15:57 of 3rd period - Stopped by Leland Irving with a rebound.
16:28 of 3rd period - Wrist shot by Cody McLeod.
16:28 of 3rd period - Shot Misses the Net.
16:30 of 3rd period - Snap shot by Mike Zigomanis.
16:30 of 3rd period - Stopped by Mike Smith without a rebound.
16:31 of 3rd period - Henrik Samuelsson wins face-off versus Jarret Stoll in Saguenéens zone.
16:54 of 3rd period - Minor Penalty to Henrik Samuelsson for Interference.
16:55 of 3rd period - Mike Zigomanis wins face-off versus Carson Mcmillan in Saguenéens zone.
17:04 of 3rd period - Snap shot by Milan Bartovic.
17:04 of 3rd period - Shot Misses the Net.
17:06 of 3rd period - Snap shot by Milan Bartovic.
17:06 of 3rd period - Shot Misses the Net.
17:08 of 3rd period - Snap shot by Mark Fayne.
17:08 of 3rd period - Stopped by Mike Smith without a rebound.
17:09 of 3rd period - Mike Zigomanis wins face-off versus Carson Mcmillan in Saguenéens zone.
17:20 of 3rd period - Backhand shot by Mike Zigomanis.
17:20 of 3rd period - Shot Blocked by Mason Raymond.
17:22 of 3rd period - Snap shot by Mike Zigomanis.
17:22 of 3rd period - Shot Misses the Net.
18:54 of 3rd period - Penalty to Henrik Samuelsson is over, Henrik Samuelsson is back on ice.
18:56 of 3rd period - Snap shot by Craig Cunningham.
18:56 of 3rd period - Stopped by Leland Irving with a rebound.
19:12 of 3rd period - Snap shot by Rhett Rakhshani.
19:12 of 3rd period - Goal by Rhett Rakhshani - Saguenéens : 6 - Rafales : 2.
19:13 of 3rd period - Mike Zigomanis wins face-off versus Mason Raymond in neutral zone.
19:17 of 3rd period - Minor Penalty to Dalton Prout for Holding.
19:18 of 3rd period - Mike Zigomanis wins face-off versus Carson Mcmillan in Saguenéens zone.
19:28 of 3rd period - Wrist shot by Milan Bartovic.
19:28 of 3rd period - Stopped by Mike Smith without a rebound.
19:29 of 3rd period - Carson Mcmillan wins face-off versus Mike Zigomanis in Saguenéens zone.
19:38 of 3rd period - Brett Lebda is hit by Marc-André Gragnani and loses puck.
19:55 of 3rd period - Carson Mcmillan is hit by Nathan Davis and loses puck.
Goals for this period are 2 for Saguenéens vs 0 for Rafales.
Shots for this period are 6 for Saguenéens vs 10 for Rafales.
Back to the Top